Cogmind - Beta 10.2 @@@ ROGUE MODE // 2021.06.23 @ 21:31:28 Player: Finestep Result: Destroyed by H-55 Commando with Gauss Rifle Performance ------------- Evolutions (1) 500 Regions Visited (5) 1000 Robots Destroyed (106) 530 Value Destroyed (2430) 2430 Prototype IDs (32) 640 Alien Tech Used (0) 0 Bonus (339) 339 TOTAL SCORE: 5439 Bonus ------- High Alert Combat Kills 39 Aligned with FarCom 300 Cogmind --------- Core Integrity 0/400 Matter 280/300 Energy 24/100 System Corruption 1% Temperature Cool (0) Movement Flying (35) Location -9/Exiles Parts ------- > --- POWER (1) -------- (None) > --- PROPULSION (3) --- Improved Flight Unit > --- UTILITY (3) ------ Hardened Light Armor Plating > --- WEAPON (2) ------- (None) > --- INVENTORY (4) ---- Improved Flight Unit Hardened Light Armor Plating Improved Medium Laser Rocket Launcher Peak State ------------ > --- POWER ------------ Cooled Ion Engine > --- PROPULSION ------- Light Treads Light Treads Light Treads > --- UTILITY ---------- Humpback Thief Drone Bay > --- WEAPON ----------- YOLO Cannon > --- INVENTORY -------- Heavy Ion Engine Light Fission Core Light Treads Carbon-fiber Leg Improved Flight Unit Improved Flight Unit Large Matter Pod Hardened Light Armor Plating Hardened Light Armor Plating Hardened Light Armor Plating Improved Medium Laser Improved Medium Laser Heavy Assault Rifle Rocket Launcher Mini Grenade Launcher Katana [Rating: 39] Favorites ----------- Power Cooled Ion Engine Engine Cooled Ion Engine Power Core Light Nuclear Core Propulsion Light Treads Treads Light Treads Wheel Wheel Flight Unit Improved Flight Unit Utility Medium Storage Unit Device Cooling System Storage Medium Storage Unit Protection Hardened Light Armor Plating Weapon Improved Assault Rifle Energy Gun Improved Medium Laser Energy Cannon Beam Cannon Ballistic Gun Improved Assault Rifle Launcher Rocket Launcher Special Weapon Mining Laser Slashing Weapon Katana Build | -11 -10 -10 -9 -9 -9 ------- Run | Scr Mat Min Mat Min Exi Slots Evolved 2 | . . . 2 . . Power . | . . . . . . Propulsion 1 | . . . 1 . . Utility 1 | . . . 1 . . Weapon . | . . . . . . Parts Attached 83 | 7 11 8 47 3 7 Power 7 | 1 1 1 4 . . Engine 6 | 1 1 . 4 . . Core 1 | . . 1 . . . Reactor . | . . . . . . Propulsion 27 | 2 4 3 17 . 1 Treads 21 | 1 3 3 14 . . Leg . | . . . . . . Wheel 4 | 1 1 . 2 . . Hover . | . . . . . . Flight 2 | . . . 1 . 1 Utility 22 | 2 2 . 13 2 3 Device 3 | . . . 1 1 1 Storage 8 | 2 2 . 3 . 1 Processor . | . . . . . . Hackware . | . . . . . . Protection 11 | . . . 9 1 1 Artifact . | . . . . . . Weapon 27 | 2 4 4 13 1 3 Energy Gun 5 | 1 . . 4 . . Energy Cannon 6 | . 3 2 . . 1 Ballistic Gun 12 | 1 . 2 7 1 1 Ballistic Cannon . | . . . . . . Launcher 2 | . . . 1 . 1 Special Weapon 1 | . 1 . . . . Impact Weapon . | . . . . . . Slashing Weapon 1 | . . . 1 . . Piercing Weapon . | . . . . . . Special Melee Weapon . | . . . . . . Unidentified Prototypes 6 | . . . 5 1 . Parts Lost 17 | . 1 6 5 . 5 Power 2 | . . 1 . . 1 Propulsion 6 | . . 2 1 . 3 Utility 1 | . . . 1 . . Weapon 8 | . 1 3 3 . 1 Highest Loss Streak 5 | . 1 5 2 . 4 Average Slot Usage (%) 95 | . 99 93 93 99 91 Engine 10 | . 14 12 9 11 10 Treads 28 | . 23 14 29 33 32 Wheel 2 | . 4 12 2 . . Device 2 | . . . 4 . 6 Storage 17 | . 28 25 11 22 15 Protection 9 | . . . 14 10 4 Energy Gun 2 | . 2 . 3 . . Energy Cannon 2 | . 11 12 . . . Ballistic Gun 17 | . 14 12 17 22 16 Naked Turns 2 | . . 1 . . 1 Heaviest Build 110 | 17 26 24 49 49 110 Greatest Support 60 | 10 40 10 60 60 60 Greatest Overweight (x) 5 | 1 2 2 4 . 5 Average Overweight (x) . | . . 1 . . . Largest Inventory Capacity 30 | 8 12 12 16 16 30 Average Capacity 12 | 7 11 11 9 16 20 Most Carried 18 | 7 12 12 16 16 18 Average Carried 11 | 3 11 11 8 15 15 Final Capacity 16 | 8 12 4 16 16 4 Final Carried 16 | 7 12 4 16 16 4 Class Distribution -------------------- 60% | Scavenger-Mutant 31% | Mutant 7% | Hauler-Mutant Dominant Class ---------------- Mutant | -10/Materials Mutant | -10/Mines Scavenger-Mutant | -9/Materials Scavenger-Mutant | -9/Mines Hauler-Mutant | -9/Exiles Resources | -11 -10 -10 -9 -9 -9 ----------- Run | Scr Mat Min Mat Min Exi Matter Collected 1907 | 330 418 102 902 122 33 Remotely . | . . . . . . Salvage Created 3676 | 157 799 147 1971 306 296 Parts 228 | 15 42 18 118 22 13 Haulers Intercepted 8 | . 2 . 6 . . Recyclers Shooed 5 | . 2 . 3 . . Parts Field Recycled . | . . . . . . Retrieved Matter . | . . . . . . Parts Self-Destructed . | . . . . . . Prevented . | . . . . . . Kills | -11 -10 -10 -9 -9 -9 ------- Run | Scr Mat Min Mat Min Exi Combat Hostiles Destroyed 74 | . 14 7 33 9 11 Guns 49 | . 5 4 30 9 1 Cannons 13 | . 9 3 . . 1 AOE 12 | . . . 3 . 9 Classes Destroyed 15 | 2 5 2 3 1 2 Worker 3 | . 1 . 2 . . Builder 1 | . . . . 1 . Tunneler 5 | 4 . . 1 . . Hauler 8 | . 2 . 6 . . Recycler 8 | 1 . 1 5 1 . Operator 1 | . 1 . . . . Watcher 6 | . 2 . 4 . . Swarmer 25 | . . 6 12 7 . Grunt 31 | . 14 . 9 2 6 Brawler 2 | . . . 1 . 1 Duelist 1 | . . . 1 . . Sentry 10 | . . . 10 . . Demolisher 2 | . . 1 . . 1 Hunter 2 | . . . . . 2 Programmer 1 | . . . . . 1 Best Kill Streak 10 | 5 3 4 5 4 10 Combat Bots Only 10 | . 3 3 5 4 10 Max Kills in Single Turn 4 | 1 2 1 4 2 2 Gunslinging 1 | . . . 1 1 . Exploded 3 | . . . 3 . 2 Melee . | . . . . . . Uniques/NPCs Destroyed . | . . . . . . Combat | -11 -10 -10 -9 -9 -9 -------- Run | Scr Mat Min Mat Min Exi Damage Taken 4136 | . 590 754 1511 273 1008 Core 617 | . 68 141 173 15 220 Absorbed by Shields . | . . . . . . Core Remaining (%) 58 | 100 . 16 . . . Volleys Fired 270 | 20 59 18 137 23 13 Largest 2 | 2 2 2 2 2 2 Hottest 112 | 70 100 80 112 43 100 Shots Fired 502 | 40 117 36 248 46 15 Gun 426 | 40 72 18 246 46 4 Cannon 73 | . 44 18 . . 11 Launcher 2 | . . . 2 . . Special 1 | . 1 . . . . Kinetic 317 | 20 58 18 171 46 4 Thermal 183 | 20 59 18 75 . 11 Explosive 2 | . . . 2 . . Electromagnetic . | . . . . . . Robot Hit Streak 17 | 6 11 7 14 17 3 Robot Miss Streak 4 | 2 2 3 3 4 1 Penetration Max . | . . . . . . Secondary Targets 6 | . 1 . 2 3 . Max Gunslinging Chain 1 | . 1 . 1 1 . Shots Hit Robots 352 | 26 82 23 179 33 9 Core Hits 141 | 6 32 8 70 12 13 Critical Hits 6 | . 2 1 1 . 2 Critical Kills 1 | . 1 . . . . Critical Parts Destroyed 4 | . 1 . 1 . 2 Melee Attacks 2 | . . . 2 . . Impact . | . . . . . . Slashing 2 | . . . 2 . . Piercing . | . . . . . . Sneak Attacks . | . . . . . . Combat Hostiles . | . . . . . . Follow-up Attacks . | . . . . . . Damage Inflicted 6968 | 330 1153 334 2698 404 2049 Guns 4119 | 330 673 175 2523 387 31 Cannons 1378 | . 472 141 . . 765 Explosions 1428 | . . . 175 . 1253 Melee . | . . . . . . Ramming 43 | . 8 18 . 17 . Kinetic 3110 | 202 569 175 1746 387 31 Thermal 3640 | 128 576 141 777 . 2018 Explosive 175 | . . . 175 . . Electromagnetic . | . . . . . . Impact . | . . . . . . Slashing . | . . . . . . Piercing . | . . . . . . Highest Corruption 1 | . . . . . 1 Average Corruption 1 | . . . . . 1 Corruption Purged . | . . . . . . Effects 2 | . . . . . 2 Targeting Errors 2 | . . . . . 2 Overload Shots . | . . . . . . Overflow Damage 328 | . . . . . 328 Projectiles 187 | . . . . . 187 Explosions 141 | . . . . . 141 Melee . | . . . . . . Knockbacks . | . . . . . . Impact . | . . . . . . Kinetic . | . . . . . . Secondary . | . . . . . . Self-Inflicted Damage 9 | . . 9 . . . Shots . | . . . . . . Rammed 10 | . 5 2 . 3 . Targets Rammed 11 | . 5 2 . 4 . Kicked . | . . . . . . Crushed 1 | . . . . 1 . Highest Temperature 204 | 79 168 144 204 13 24 Average Temperature 40 | 30 49 60 34 3 15 Received Heat Transfer 873 | . 306 60 447 36 24 Siege Activations . | . . . . . . Robots Corrupted . | . . . . . . Combat Hostiles . | . . . . . . Parts Fried . | . . . . . . Impact Corruptions . | . . . . . . Robots Melted . | . . . . . . Combat Hostiles . | . . . . . . Parts Melted 2 | . . . 1 . 1 Heat Transferred 5429 | 370 1258 296 1665 . 1840 Parts Sabotaged . | . . . . . . Parts Stolen . | . . . . . . Parts Stripped . | . . . . . . Power Chain Reactions . | . . . . . . Missiles Intercepted . | . . . . . . Alert | -11 -10 -10 -9 -9 -9 ------- Run | Scr Mat Min Mat Min Exi Peak Influence 460 | 25 254 226 460 295 . Initial 76 | . 16 66 76 75 . Average 193 | 10 126 128 259 117 . Maximum Alert Level 2 | . 1 1 2 1 . Low Security (%) 59 | 100 86 77 38 76 . Level 1 33 | . 13 22 47 23 . Level 2 7 | . . . 14 . . Level 3 . | . . . . . . Level 4 . | . . . . . . Level 5 . | . . . . . . High Security . | . . . . . . Max Security . | . . . . . . Squads Dispatched 7 | . 4 . 3 . . Investigation 5 | . 2 . 3 . . Extermination . | . . . . . . Reinforcement 2 | . 2 . . . . Assault . | . . . . . . Garrison . | . . . . . . Intercept . | . . . . . . Construction Impeded . | . . . . . . Haulers Reinforced . | . . . . . . Stealth | -11 -10 -10 -9 -9 -9 --------- Run | Scr Mat Min Mat Min Exi Distress Signals 1 | . . . 1 . . Communications Jammed . | . . . . . . Distress Signals . | . . . . . . Times Spotted 119 | . 24 28 46 8 13 Peak Tracking Total 18 | . 3 18 6 3 8 Tactical Retreats 5 | . 2 2 1 . . Traps | -11 -10 -10 -9 -9 -9 ------- Run | Scr Mat Min Mat Min Exi Traps Triggered 3 | . 2 . 1 . . Indirectly . | . . . . . . Trap Hack Attempts . | . . . . . . Triggered . | . . . . . . Disarmed . | . . . . . . Reprogrammed . | . . . . . . Reused . | . . . . . . Traps Extracted . | . . . . . . Installed . | . . . . . . Triggered . | . . . . . . Machines | -11 -10 -10 -9 -9 -9 ---------- Run | Scr Mat Min Mat Min Exi Machines Disabled 4 | . 2 . . . 2 Max in Single Turn 2 | . 1 . . . 2 Machines Sabotaged . | . . . . . . Garrisons Compromised . | . . . . . . Overloaded Fab Kills . | . . . . . . Fab Network Shutdowns . | . . . . . . Hacking | -11 -10 -10 -9 -9 -9 --------- Run | Scr Mat Min Mat Min Exi Machines Accessed 25 | . 7 . 15 1 2 Terminals 17 | . 5 . 12 . . Fabricators . | . . . . . . Repair Stations . | . . . . . . Recycling Units 4 | . 2 . 2 . . Scanalyzers 1 | . . . 1 . . Garrison Access . | . . . . . . Total Hacks 82 | . 25 . 51 1 5 Successful 56 | . 18 . 32 1 5 Failed 24 | . 6 . 18 . . Catastrophic 2 | . 1 . 1 . . Database Lockouts 2 | . 1 . 1 . . Manual 43 | . 12 . 30 . 1 Terminals 62 | . 21 . 41 . . Fabricators . | . . . . . . Repair Stations . | . . . . . . Recycling Units 12 | . 4 . 8 . . Scanalyzers 2 | . . . 2 . . Garrison Access . | . . . . . . Terminal Hacks 35 | . 11 . 18 1 5 Record 5 | . 1 . . . 4 Part Schematic 2 | . 1 . 1 . . Robot Schematic 1 | . 1 . . . . Robot Analysis 2 | . 1 . 1 . . Prototype ID Bank 3 | . 1 . 2 . . Open Door 1 | . . . . 1 . Branch Access Points 2 | . 1 . 1 . . Terminal Index 1 | . . . 1 . . Alert Level 1 | . . . 1 . . Unreport Threat 3 | . . . 3 . . Locate Traps 1 | . 1 . . . . Maintenance Status 2 | . 1 . 1 . . Security Status 1 | . 1 . . . . Transport Status 1 | . . . 1 . . Hauler Manifests 2 | . . . 2 . . Registered Prototypes 1 | . 1 . . . . Zone Layout 5 | . 1 . 4 . . EX-Prototype ID Bank 1 | . . . . . 1 Fabricator Hacks . | . . . . . . Repair Station Hacks . | . . . . . . Recycling Unit Hacks 5 | . 2 . 3 . . Retrieve Components 5 | . 2 . 3 . . Scanalyzer 2 | . . . 2 . . Insert Component 1 | . . . 1 . . Analyze 1 | . . . 1 . . Garrison Access Hacks . | . . . . . . Unauthorized Hacks 14 | . 5 . 9 . . Terminals 10 | . 3 . 7 . . Track 6 | . 1 . 5 . . Botnet 4 | . 2 . 2 . . Fabricators . | . . . . . . Repair Stations . | . . . . . . Recycling Units 4 | . 2 . 2 . . Tunnel 4 | . 2 . 2 . . Scanalyzers . | . . . . . . Garrison Access . | . . . . . . Data Cores Recovered . | . . . . . . Used . | . . . . . . Hacking Detections 15 | . 4 . 11 . . Full Trace Events . | . . . . . . Feedback Events . | . . . . . . Feedback Blocked . | . . . . . . Robot Schematics Acquired 1 | . 1 . . . . Robots Built . | . . . . . . Matter . | . . . . . . Time . | . . . . . . Total Robot Build Rating . | . . . . . . Part Schematics Acquired 3 | . 1 . 2 . . Parts Built . | . . . . . . Matter . | . . . . . . Time . | . . . . . . Total Part Build Rating . | . . . . . . Parts Repaired . | . . . . . . Time . | . . . . . . Parts Recycled . | . . . . . . Recycled Matter . | . . . . . . Retrieved Matter . | . . . . . . Retrieved Components 38 | . 19 . 19 . . Parts Scanalyzed 1 | . . . 1 . . Part Schematics Acquired 1 | . . . 1 . . Parts Damaged . | . . . . . . Bothacking | -11 -10 -10 -9 -9 -9 ------------ Run | Scr Mat Min Mat Min Exi Used RIF Installer . | . . . . . . Robots Hacked . | . . . . . . Non-combat . | . . . . . . Combat . | . . . . . . Robot Hacks Applied . | . . . . . . Relay Couplers Released . | . . . . . . Robots Rewired . | . . . . . . Allies Hacked . | . . . . . . Hacks Repelled . | . . . . . . Allies | -11 -10 -10 -9 -9 -9 -------- Run | Scr Mat Min Mat Min Exi Total Allies . | . . . . . . Largest Group . | . . . . . . Highest-Rated Group . | . . . . . . Highest-Rated Ally . | . . . . . . Total Orders . | . . . . . . Ally Attacks 10 | . . . . . 10 Total Damage 86 | . . . . . 86 Kills . | . . . . . . Allies Corrupted . | . . . . . . Allies Melted . | . . . . . . Intel | -11 -10 -10 -9 -9 -9 ------- Run | Scr Mat Min Mat Min Exi Robot Analysis Total 2 | . 1 . 1 . . Derelict Logs Recovered 2 | . . 1 . 1 . Drone Launches 3 | . . . . . 3 Drone Recoveries 3 | . . . . . 3 Exploration | -11 -10 -10 -9 -9 -9 ------------- Run | Scr Mat Min Mat Min Exi Turns Passed 6616 | 133 1293 256 3031 1008 895 Spaces Moved 3772 | 64 794 192 1658 582 482 Core 40 | 4 . 22 13 . 1 Treads 2853 | . 398 . 1394 582 479 Legs . | . . . . . . Wheels 877 | 60 396 170 251 . . Hover . | . . . . . . Flight 2 | . . . . . 2 Fastest Speed 35 | 50 90 50 50 160 35 Average Speed 146 | 86 129 94 151 160 169 Slowest Speed 260 | 100 160 100 250 160 260 Overloaded Moves . | . . . . . . Propulsion Burnouts . | . . . . . . Robots Hopped . | . . . . . . Cave-ins Triggered . | . . . . . . Exploration Rate (%) 64 | 4 96 41 98 91 59 Regions Visited 5 Branch Regions 3 Pre-discovered Areas 5 | . 2 . 2 . 1 Known Exits Taken 2 | . 1 . 1 . . Unknown Exits Taken 3 | 1 . 1 . 1 . Scrap Searched 2 | . . . . 2 . Spaces Dug 10 | . 1 . 9 . . Terrain Destroyed 52 | . 1 . 20 . 31 Melee 2 | . . . 2 . . Projectile 2 | . 1 . . . 1 AOE 48 | . . . 18 . 30 Terrain Rammed . | . . . . . . Walls Destroyed . | . . . . . . Machines Disabled . | . . . . . . Actions | -11 -10 -10 -9 -9 -9 --------- Run | Scr Mat Min Mat Min Exi Total 4353 | 97 934 230 1951 616 525 Wait 94 | . 46 4 44 . . Move 3767 | 63 793 191 1657 581 482 Hop . | . . . . . . Pick Up 62 | 7 11 4 26 1 13 Fast Attach 36 | 7 3 1 20 2 3 Attach 19 | . 2 6 9 . 2 Detach 4 | . . . 4 . . Swap 28 | . 6 1 18 1 2 Drop 60 | . 9 3 34 4 10 Fire 270 | 20 59 18 137 23 13 Melee 2 | . . . 2 . . Ram 2 | . . 2 . . . Kick . | . . . . . . Crush 9 | . 5 . . 4 . Escape Stasis . | . . . . . . Rewire . | . . . . . . Trap . | . . . . . . Miscellaneous . | . . . . . . Route ------- -11/Scrapyard -10/Materials (discovered 5 exits: *Mat x3 / *Min x2) -10/Mines -9/Materials (discovered 5 exits: [*Mat x3] / *Min x2) -9/Mines (discovered 2 exits: [*Mat] / *Exi) -9/Exiles History --------- Turn | Location | Event 12 | -11/Scrapyard | Discovered new exit (range 15) 134 | -11/Scrapyard | Entered Materials 184 | -10/Materials | Central database locked down 301 | -10/Materials | Build established: Mutant 393 | -10/Materials | Discovered new exit (range 6) 545 | -10/Materials | Identified exit to Mines 583 | -10/Materials | Discovered new exit (range 16) 904 | -10/Materials | Discovered new exit (range 9) 1175 | -10/Materials | Discovered new exit (range 12) 1427 | -10/Materials | Entered Mines 1473 | -10/Mines | Learned Materials stockpile data 1581 | -10/Mines | Discovered new exit (range 10) 1636 | -10/Mines | Assembled infested the area 1662 | -10/Mines | Core integrity fell below 50% 1668 | -10/Mines | Released all parts (6) 1673 | -10/Mines | Core integrity fell below 20% 1683 | -10/Mines | Entered Materials 1683 | -9/Materials | Evolved 2 slots: Propulsion x1, Utility x1 1699 | -9/Materials | Lost 5 parts (1p2n2w) 1959 | -9/Materials | Discovered new exit (range 12) 2388 | -9/Materials | Build established: Scavenger-Mutant 2463 | -9/Materials | Discovered new exit (range 11) 2592 | -9/Materials | Discovered new exit (range 5) 2658 | -9/Materials | Central database locked down 2697 | -9/Materials | Discovered new exit (range 20) 2802 | -9/Materials | Identified exit to Mines 3342 | -9/Materials | Discovered new exit (range 4) 4714 | -9/Materials | Entered Mines 4857 | -9/Mines | Discovered new exit (range 3) 4912 | -9/Mines | Found the Drone Emporium 4920 | -9/Mines | Found Prototype Device 4920 | -9/Mines | Identified Thief Drone Bay 5543 | -9/Mines | Learned location of 1 exit from Materials 5715 | -9/Mines | Deemed a non-threat by the Exiles lab entrance 5715 | -9/Mines | Discovered new exit (range 5) 5722 | -9/Mines | Entered Exiles 5861 | -9/Exiles | Met 8R-AWN 5888 | -9/Exiles | Met EX-HEX 5939 | -9/Exiles | Met EX-BIN 6053 | -9/Exiles | Met EX-DEC 6056 | -9/Exiles | Learned location of Zion (-6) 6321 | -9/Exiles | Aligned with FarCom system 6323 | -9/Exiles | Given EX-Vault access code 6364 | -9/Exiles | Opened EX-Vault 6406 | -9/Exiles | Warned to stay clear of 0b10 Research branches 6409 | -9/Exiles | Build established: Hauler-Mutant 6437 | -9/Exiles | Exiles lab attacked by MAIN.C 6465 | -9/Exiles | Found YOLO Cannon 6544 | -9/Exiles | Core integrity fell below 50% 6613 | -9/Exiles | Released all parts (3) 6614 | -9/Exiles | Core integrity fell below 20% 6617 | -9/Exiles | Destroyed by H-55 Commando with Gauss Rifle Last Messages --------------- 06604_ Penetrated by Slug. 06604_ Cld. Ion Engine destroyed. 06605_ Slug penetrates Earth. 06607_ Acquired 17 matter. 06607_ Penetrated by Slug. 06609_ System corrupted: YOLO Cannon targeting data glitched. 06609_ Destroyed Aluminum Leg. 06609_ Destroyed Ion Engine. 06609_ Heat Sink melted. 06609_ G-34 Mercenary destroyed. 06610_ Penetrated by Slug. 06613_ Lgt. Treads destroyed. 06613_ Released YOLO Cannon. 06613_ Released Thief Drone Bay. 06613_ Released Humpback. 06614_ Slug penetrates Machine. 06614_ Machine disabled. 06614_ Acquired Imp. Flight Unit. 06616_ Acquired Hrd. Light Armor Plating. 06617_ Penetrated by Slug. Map ----- +----------------------------------------------------+ | ?????????????????????# ## """#?????????????? | | ???????????????####??# #??"""""??????????????? | | ???????????????"""""?# #???####??????????????? | | ??????????????"""" ## #?????????????????????? | | ?????????????#""X" #?????????????????????? | | ?????????????#" #?????????????????????? | | ?????????????#" ## #?????????????????????? | | ?????????????#""""""?# #?#########???????????? | | ??????????????#"###??# #?#"""""""#???????????? | | ?????????????????????# #?#"""""""#???????????? | | ?????????????????????# #?# """"""#???????????? | | ????????????????????## ### " """"#???????????? | | ????????????????????#" """"#???????????? | | ????????????????????#" """#???????????? | | ????????????????????#" """#???????????? | | ????????????????????#" """#???????????? | | ???????####?????????#" """#???????????? | | ??????? """????????# [ """##??????????? | | ???????" """#???????## ! """""??????????? | | ??????"" #????????# ] """##??????????? | | ?????#"" #????????# """"??????????? | | ?????#"" "#????????# # "?????????? | | ?????? ""?????????# " ""#???????????? | | ???????" "?????????## *[;#########???????????? | | ???????# #????????##"" [= = ##????????????????? | | ##???### ###?######"" /@]!] #????????????????? | | "#####X# #"###"""""" !!* #???????????????? | | """""" " "" =*! ###########?????? | | "" """ " [ #"""""""""##????? | | " " % """ """"##???? | | %* "" " #???? | | %= * " """#???? | | = = " "#???? | | " "##??? | | " ""###? | | """ """""" % h """#? | | " ######"" =% "#? | | " ""##????###; [ ## | | "" """##???????? # | | " """##?????????# "" | | " ""#???????????##"" | | ##????????????"""" | | " ????????????? | | ???????????? | | " ???????????? | | ?"" ???????????? | | ?? ???????????? " # | | ???? ???????????? "" """ ""# | | ?????? ???????????????"" " " ""#" "## | | ?????????? ??????????????????##""" ""?##"""""""##? | +----------------------------------------------------+ Best States ------------- Heat Dissipation 50 Energy Generation 14 Energy Capacity 280 Matter Stores 300 Matter Capacity 300 Sight Range 16 Terrain Scan Density 10 Armor Coverage 675 Evasion (%) 50 Recoil Reduction 3 Item Schematics ----------------- Med. Storage Unit | -10/Materials | Hacked Lrg. Storage Unit | -9/Materials | Hacked Imp. Flight Unit | -9/Materials | Scanalyzed Robot Schematics ------------------ O-16 Technician | -10/Materials | Hacked Fabricated ------------ Nothing Alien Tech Used ----------------- None Achievements -------------- None Challenges ------------ None Game ------ Seed AssemblyNetworkNukerbomber Manual? 0 Play Time 00:36:41 Cumulative 595.8 hours Start 2021.06.23 @ 20:40:56 End 2021.06.23 @ 21:31:28 Sessions 1 Manual Loads 0 Difficulty Rogue Special Mode None Game No. 362 Rogue 362 Adventurer 0 Explorer 0 Win Type - Total 6 Types 4/0/1/0/1/0/0/0/0 Lore% 88 Gallery% 90 Achievement% 71 Wizard Run 0 Options --------- ASCII 0 Keyboard 0 Movement Mouse Keybinds 1 Fullscreen 2 Font 24/Smallcaps Map View 76x50 Tactical HUD 1 Map Filters NONE Filters NONE Steam 1 RUN: 266e6669-e76a-40dd-a156-693245c4770d